AoeStats
← GGBond

Highland

506397178Analyzed
3v3 RM · 20d ago on Sep 13, 2026· 49m 32s· 6 players
Game mode
Random Map
Map size
Normal (6 player)
Population
200
Speed
Normal
Resources
Standard
Victory
Conquest
Starting age
Dark Age
Ending age
Imperial Age
RankedLock teamsTeams togetherTeam positionsShared explorationLock speedFull tech treeHidden civsTurbo modeCheats
Victory
Defeat
🇨🇳 Khmer · China
849
+18
🇨🇳 Khmer · China
849
+18
848
+18
🇹🇼 Mongols · Taiwan
894
-18
🇹🇼 Aztecs · Taiwan
894
-18
🇹🇼 Persians · Taiwan
893
-18
我的护卫舰是雪风
12:16 Feudal Age
13:11 Double-Bit Axe
20:42 Castle Age
19:16 Loom
25:00 Horse Collar
35:58 Heavy Plow
40:46 Imperial Age
38:56 Gold Mining
38:56 Stone Mining
41:08 Padded Archer Armor
GGBond
11:36 Feudal Age
15:59 Loom
18:29 Castle Age
19:46 Double-Bit Axe
19:45 Light Cavalry
21:14 Bow Saw
20:50 Horse Collar
22:19 Bloodlines
23:21 Heavy Plow
23:45 Gold Mining
26:59 Wheelbarrow
27:44 Husbandry
29:30 Hand Cart
29:56 Gold Shaft Mining
29:15 Stone Mining
35:26 Tusk Swords
36:07 Stone Shaft Mining
39:20 Imperial Age
40:09 Heavy Scorpion
40:23 Elite Battle Elephant
41:42 Caravan
44:07 Conscription
44:13 Double Crossbow
50:04 Forging
50:02 Scale Barding Armor
50:04 Siege Engineers
50:34 Crop Rotation
想赢的人不会笑
4:01 Loom
12:59 Feudal Age
13:40 Double-Bit Axe
13:39 Horse Collar
18:06 Castle Age
22:42 Wheelbarrow
22:53 Heavy Plow
23:39 Scale Barding Armor
23:37 Stone Mining
25:13 Bow Saw
25:32 Gold Mining
25:55 Husbandry
27:47 Bloodlines
29:42 Chain Barding Armor
30:06 Gold Shaft Mining
31:16 Forging
34:30 Imperial Age
32:58 Ballistics
34:58 Iron Casting
35:32 Conscription
35:39 Heavy Scorpion
37:08 Crop Rotation
38:01 Elite Battle Elephant
39:16 Siege Engineers
40:20 Plate Barding Armor
41:18 Double Crossbow
42:56 Blast Furnace
南瓜小公主
0:41 Loom
12:05 Feudal Age
14:40 Wheelbarrow
14:44 Fishing Lines
16:20 Horse Collar
17:11 Double-Bit Axe
18:13 Scale Mail Armor
18:51 Forging
19:19 Gold Mining
23:47 Castle Age
22:08 Stone Mining
24:29 Squires
24:54 Heavy Plow
25:29 Hand Cart
26:07 Iron Casting
26:17 Stone Shaft Mining
26:18 Bow Saw
26:35 Eagle Warrior
28:13 Chain Mail Armor
31:30 Gold Shaft Mining
31:25 Fletching
34:08 Imperial Age
31:41 Town Watch
31:23 Pikeman
36:09 Blast Furnace
35:40 Plate Mail Armor
36:12 Bodkin Arrow
35:39 Elite Eagle Warrior
36:15 Treadmill Crane
36:31 Murder Holes
36:46 Fortified Wall
36:21 Arrowslits
39:08 Arson
39:26 Bracer
40:30 Padded Archer Armor
40:52 Ballistics
41:33 Chemistry
40:39 Siege Engineers
41:05 Town Patrol
42:08 Conscription
41:35 Crossbowman
42:50 Coinage
42:49 Onager
48:51 Siege Onager
50:01 Leather Archer Armor
Dai_Chen
0:35 Loom
10:21 Feudal Age
17:55 Castle Age
17:27 Double-Bit Axe
17:45 Horse Collar
21:46 Gold Mining
21:46 Stone Mining
29:39 Pikeman
30:59 Bloodlines
35:58 Heavy Plow
36:20 Bow Saw
39:28 Imperial Age
39:36 Husbandry
40:42 Fletching
40:58 Scale Barding Armor
40:55 Padded Archer Armor
41:02 Kamandaran
41:18 Citadels
41:29 Conscription
40:39 Halberdier
42:42 Cavalier
44:50 Two-Man Saw
45:12 Onager
yang101310427
10:42 Feudal Age
13:31 Bloodlines
13:30 Double-Bit Axe
16:54 Forging
21:16 Gold Mining
24:51 Castle Age
33:24 Husbandry
33:34 Scale Barding Armor
34:12 Stone Mining
34:38 Bow Saw
35:14 Chain Barding Armor
35:46 Gold Shaft Mining
35:46 Stone Shaft Mining
39:12 Wheelbarrow
44:19 Imperial Age
41:35 Town Watch
41:36 Loom
41:54 Nomads
43:33 Iron Casting
42:49 Horse Collar
43:57 Hand Cart
44:14 Ballistics
44:39 Cavalier
44:57 Pikeman
45:38 Squires
45:23 Arson
46:43 Blast Furnace
45:44 Scale Mail Armor
46:35 Town Patrol
48:04 Chemistry
47:00 Murder Holes
Connection lost

Rejoining the realm…

Still unreachable

The connection could not be restored.

Session expired

The server has moved on; the page needs a fresh start.